 Dungeon Crawl Stone Soup version 0.28.0-49-g6dfe1f597d (webtiles) character file.

Game seed: 4234491428036482482

3453 nickcage the Tainter (level 9, 0/39 HPs)
             Began as a Spriggan Venom Mage on May 13, 2022.
             Was a Priest of Nemelex Xobeh.
             Slain by a vampire mosquito (6 damage)
             ... on level 8 of the Dungeon.
             The game lasted 00:48:41 (11293 turns).

nickcage the Tainter (Spriggan Venom Mage)         Turns: 11293, Time: 00:48:41

Health: 0/39       AC:  3    Str:  4    XL:     9   Next: 78%
Magic:  11/20      EV: 17    Int: 21    God:    Nemelex Xobeh [***...]
Gold:   544        SH:  5    Dex: 15    Spells: 7/22 levels left

rFire   . . .      SeeInvis +   r - +3 whip (elec)
rCold   + . .      Faith    .   (no shield)
rNeg    . . .      Spirit   .   a - +1 robe
rPois   .          Reflect  +   (helmet restricted)
rElec   .          Harm     .   (no cloak)
rCorr   .          Rampage  .   (gloves unavailable)
Will    ++...                   (boots unavailable)
Stlth   ++........              j - amulet of reflection
HPRegen 0.13/turn               k - ring of willpower
MPRegen 0.17/turn               y - ring of protection from cold

@: very quick
A: very small, no large weapons, unfitting armour, see invisible, speed 3
a: Renounce Religion, Draw Escape, Draw Destruction, Draw Summoning, Triple Draw


You were on level 8 of the Dungeon.
You worshipped Nemelex Xobeh.
Nemelex Xobeh was most pleased with you.
You visited 2 branches of the dungeon, and saw 10 of its levels.

You collected 544 gold pieces.

Inventory:

Hand Weapons
 b - a +0 club
 c - a +0 dagger
 r - a +3 whip of electrocution (weapon)
 B - a +4 mace
Missiles
 E - a throwing net
Armour
 a - a +1 robe (worn)
Jewellery
 e - a ring of fire
 j - an amulet of reflection (around neck)
 k - a ring of willpower (left hand)
 m - an amulet of the acrobat
 q - a ring of fire
 y - a ring of protection from cold (right hand)
 A - an amulet of faith
Wands
 i - a wand of polymorph (4)
 t - a wand of digging (3)
 v - a wand of mindburst (23)
 z - a wand of iceblast (24)
 F - a wand of flame (6)
Scrolls
 d - 3 scrolls of blinking
 h - 2 scrolls of amnesia
 l - 2 scrolls of enchant weapon
 o - 2 scrolls of teleportation
 C - a scroll of identify
 D - a scroll of summoning
Potions
 f - 3 potions of flight
 g - a potion of berserk rage {unknown}
 n - 3 potions of haste
 p - 3 potions of magic
 s - 3 potions of curing {unknown}
 u - a potion of invisibility {unknown}
 w - a potion of attraction {unknown}
 x - 2 potions of ambrosia {unknown}


   Skills:
 - Level 2.6 Dodging
 - Level 3.0 Stealth
 - Level 0.1 Shields
 - Level 7.0 Spellcasting
 - Level 2.0 Transmutations
 * Level 7.5 Air Magic
 - Level 10.0 Poison Magic
 - Level 2.0 Invocations


You had 7 spell levels left.
You knew the following spells:

 Your Spells              Type           Power      Damage    Failure   Level
a - Sting                 Tmut/Pois      100%       1d8       1%          1
b - Poisonous Vapours     Pois/Air       88%        N/A       1%          2
c - Mephitic Cloud        Conj/Pois/Air  32%        N/A       2%          3
d - Olgreb's Toxic Radia  Pois           49%        N/A       1%          4
e - Shock                 Conj/Air       92%        1d8       1%          1
f - Airstrike             Air            19%        N/A       4%          4

Your spell library contained the following spells:

 Spells                   Type           Power      Damage    Failure   Level
 Swiftness                Air            38%        N/A       1%          3
 Confusing Touch          Hex            7%         N/A       26%         3
 Tukima's Dance           Hex            7%         N/A       26%         3
 Passage of Golubria      Tloc           7%         N/A       65%         4
 Yara's Violent Unravell  Hex/Tmut       5%         3d4       85%         5
 Enfeeble                 Hex            3%         N/A       100%        7


Dungeon Overview and Level Annotations

Branches:
Dungeon (9/15)             Temple (1/1) D:5            Lair (0/6) D:8
    Orc: D:9-12

Altars:
Dithmenos
Elyvilon
Gozag
Hepliaklqana
Nemelex Xobeh
Vehumet
Wu Jian

Shops:
D:8 !


Innate Abilities, Weirdness & Mutations

You are very small and have problems with some larger weapons.
You are too small for most types of armour.
You have supernaturally acute eyesight. (SInv)
You cover ground extremely quickly. (Speed+++)


Message History

The vampire mosquito bites you.
The vampire mosquito draws strength from your injuries!
The vampire mosquito misses you.
You climb upwards.
There is a stone staircase leading down here.
The vampire mosquito bites you.
The vampire mosquito draws strength from your injuries!
The vampire mosquito barely misses you. The vampire mosquito misses you.
The zap hits the vampire mosquito.
The vampire mosquito is moderately damaged.
The zap misses the vampire mosquito.
The vampire mosquito completely misses you.
The vampire mosquito closely misses you.
The zap hits the vampire mosquito.
The vampire mosquito is moderately damaged.
The zap misses the vampire mosquito.
The vampire mosquito misses you. The vampire mosquito bites you.
The vampire mosquito draws strength from your injuries!
The zap hits the vampire mosquito but does no damage.
The vampire mosquito is moderately damaged.
The zap hits the vampire mosquito!
The vampire mosquito is heavily damaged.
The vampire mosquito bites you!
The vampire mosquito draws strength from your injuries!
The vampire mosquito bites you!
* * * LOW HITPOINT WARNING * * *
The vampire mosquito draws strength from your injuries!
You draw a card...
You have drawn the Tomb.
Walls emerge from the floor!
The vampire mosquito barely misses you.
You block the vampire mosquito's attack.
The walls disappear prematurely!
The vampire mosquito bites you.
* * * LOW HITPOINT WARNING * * *
The vampire mosquito draws strength from your injuries!
You draw a card...
You have drawn the Cloud.
Clouds appear around you!
The vampire mosquito completely misses you.
The vampire mosquito bites you.
You die...
Your body glows with a rainbow of weird colours and disappears.

### #.# #[# #.##########
#..........# #.########.#
############.#......#.#
#.....§§§....#.####.#.#
#########.....§y@....#.# #.#.#
..............§§§....#.####.#.###
.................................
..########.#########...####.#.###
..# #..# #...# #.#.# ### ##.##
#(..####.#.# # #####..#
#.....<#'#.# # #....#.##
#..........# # #.......#
#..........#


You could see a vampire mosquito.

Vanquished Creatures
  A hornet (D:8)
  2 wyverns (D:8)
  Eustachio (D:4)
  2 basilisks (D:8)
  Menkaure (D:4)
  A black bear (D:4)
  A swamp drake (D:8)
  3 ogres
  2 necrophages (D:5)
  A centaur (D:8)
  2 kobold brigands (D:7)
  2 bullfrogs
  A scorpion (D:5)
  3 wights (D:6)
  4 killer bees (D:8)
  5 howler monkeys
  A centaur zombie (D:6)
  2 jellies
  A gnoll shaman (D:8)
  3 hounds
  An orc priest (D:5)
  Terence (D:2)
  3 iguanas
  A killer bee zombie (D:5)
  2 hound skeletons (D:5)
  A howler monkey zombie (D:5)
  3 adders
  5 gnolls (D:8)
  2 white imps (D:7)
  A worm (D:2)
  3 dart slugs
  13 orcs
  3 ball pythons
  4 endoplasms (D:2)
  8 giant cockroaches (D:1)
  5 goblins
  6 hobgoblins
  2 jackals (D:1)
  12 kobolds
  2 quokkas
  12 bats
  3 frilled lizards
  A rat (D:2)
133 creatures vanquished.

Vanquished Creatures (collateral kills)
  A basilisk (D:6)
  A phantom (D:6)
  2 wights (D:6)
  A bullfrog skeleton (D:6)
  2 adders
7 creatures vanquished.

Grand Total: 140 creatures vanquished

Notes
Turn   | Place    | Note
-------+----------+-------------------------------------------
     0 | D:1      | nickcage the Spriggan Venom Mage began the quest for the
                  | Orb.
     0 | D:1      | Reached XP level 1. HP: 9/9 MP: 5/5
   569 | D:1      | Reached XP level 2. HP: 13/13 MP: 4/6
   572 | D:1      | Learned a level 2 spell: Poisonous Vapours
  1139 | D:1      | Reached XP level 3. HP: 16/16 MP: 5/8
  1143 | D:1      | Learned a level 3 spell: Mephitic Cloud
  1452 | D:2      | Reached skill level 4 in Poison Magic
  1548 | D:2      | Noticed Terence
  1908 | D:2      | Killed Terence
  2085 | D:2      | Found a sparkling altar of Nemelex Xobeh.
  2106 | D:2      | Became a worshipper of Nemelex Xobeh the Trickster
  2114 | D:2      | Reached XP level 4. HP: 14/21 MP: 6/9
  3125 | D:3      | Reached skill level 5 in Poison Magic
  3743 | D:3      | Reached * piety under Nemelex Xobeh
  3862 | D:4      | Noticed a black bear
  3889 | D:4      | Killed a black bear
  3890 | D:4      | Reached skill level 6 in Poison Magic
  3890 | D:4      | Reached XP level 5. HP: 24/24 MP: 6/10
  3895 | D:4      | Learned a level 4 spell: Olgreb's Toxic Radiance
  3948 | D:4      | Noticed Menkaure
  4293 | D:4      | Reached XP level 6. HP: 26/28 MP: 5/12
  4418 | D:4      | Killed Menkaure
  4421 | D:4      | Noticed Eustachio
  4747 | D:4      | Killed Eustachio
  4748 | D:4      | Reached skill level 7 in Poison Magic
  4748 | D:4      | Reached XP level 7. HP: 15/32 MP: 3/14
  5022 | D:5      | Entered Level 5 of the Dungeon
  5185 | D:5      | Found a staircase to the Ecumenical Temple.
  5473 | Temple   | Entered the Ecumenical Temple
  5538 | D:5      | Reached skill level 5 in Spellcasting
  5679 | D:5      | Received a gift from Nemelex Xobeh
  5708 | D:5      | Reached skill level 1 in Air Magic
  5708 | D:5      | Reached skill level 8 in Poison Magic
  5740 | D:5      | You fall into a shaft and drop 3 floors!
  5961 | D:7      | Reached XP level 8. HP: 36/36 MP: 15/18
  5994 | D:7      | Reached ** piety under Nemelex Xobeh
  6558 | D:5      | Received a gift from Nemelex Xobeh
  6802 | D:5      | Found an opulent altar of Gozag.
  7081 | D:6      | Reached skill level 9 in Poison Magic
  7865 | D:6      | Learned a level 1 spell: Shock
  8353 | D:6      | Found a white marble altar of Elyvilon.
  8644 | D:7      | Reached XP level 9. HP: 31/39 MP: 13/20
  8649 | D:7      | Learned a level 4 spell: Airstrike
  8775 | D:7      | Reached *** piety under Nemelex Xobeh
  8775 | D:7      | Received a gift from Nemelex Xobeh
  9000 | D:7      | Identified the +1 ring mail of Ehenkot {Slay+3}
  9635 | D:8      | Received a gift from Nemelex Xobeh
  9651 | D:8      | Found Cinim's Distillery.
  9771 | D:8      | Reached skill level 10 in Poison Magic
  9983 | D:8      | Reached skill level 5 in Air Magic
 10244 | D:8      | Reached skill level 1 in Invocations
 11003 | D:8      | Found a staircase to the Lair.
 11293 | D:8      | Slain by a vampire mosquito

Illustrated notes

Levels and vault maps discovered:
D:1:      doesnt_arrival_eight_statues, layout_basic, minmay_worlds_worst_comb
D:2:      wander_river, layout_loops_ring, basic_altar, kennysheep_donut,
          grunt_ministairs_14, nicolae_elevator_lobby_asterisk, uniq_terence
D:3:      layout_basic, kennysheep_nub, hangedman_feature_mirror,
          grunt_ministairs_6
D:4:      layout_basic, uniq_menkaure, uniq_eustachio
D:5:      layout_basic, nicolae_gozag_cash_rules_everything_around_me,
          temple_fountains, serial_glass, glass_columns_c, glass_columns_b,
          due_unseen_surprise, feat_on_display, minmay_crystal_room,
          minmay_holes
D:6:      layout_rooms, kennysheep_little_box, due_unseen_surprise
D:7:      layout_gridville
D:8:      layout_basic, erik_lair_dragon, enter_bailey_2, serial_shops,
          nicolae_take_the_stairs
D:9:      layout_basic, nicolae_ru_sacrificial_ziggurat,
          mainiacjoe_overflow_concentric_impassable, minivault_25_ag,
          corexii_checkpoint_b, st_stairs_7
Temple:   mainiacjoe_temple_coin_purse

Skill      XL: |  1  2  3  4  5  6  7  8  9 |
---------------+----------------------------+-----
Transmutations | 2 |  2.0
Spellcasting   | 3 4 6 7 |  7.0
Poison Magic   | 4 6 7 8 9 10 | 10.0
Air Magic      | 1 4 7 |  7.5
Invocations    | 2 |  2.0
Dodging        | |  2.6
Stealth        | |  3.0
Shields        | |  0.1

Action                   |  1- 3 |  4- 6 |  7- 9 || total
-------------------------+-------+-------+-------++-------
Melee: Dagger            |    38 |    11 |       ||    49
       Punch             |     1 |       |     3 ||     4
       Whip              |       |    15 |   104 ||   119
 Cast: Sting             |    51 |    63 |   125 ||   239
       Poisonous Vapours |     7 |     8 |    17 ||    32
       Shock             |       |       |    86 ||    86
       Olgreb's Toxic Ra |       |       |     2 ||     2
       Airstrike         |       |       |     1 ||     1
Invok: Draw Destruction  |       |       |    11 ||    11
       Draw Summoning    |       |       |     5 ||     5
       Draw Escape       |       |       |     4 ||     4
Evoke: Wand              |       |       |     1 ||     1
  Use: Scroll            |       |       |    11 ||    11
 Stab: Sleeping          |     2 |       |       ||     2
Armor: Robe              |     2 |     7 |     9 ||    18
Dodge: Dodged            |    32 |    22 |   156 ||   210
Block: Other             |       |     3 |    46 ||    49
       Reflection        |       |       |     3 ||     3
